[ AOE2 MATCH · #487324955 ]
UnrankedEthiopians vs Huns
[ REPLAY ANALYSIS · EXTRACTED FROM THE RECORDED GAME ]
Feudal
8:51
Castle
22:32
Imperial
37:55
| APM avg | 61.0 |
| APM peak | 114 |
| eAPM avg | 31.4 |
| Villagers / military | 157 / 269 |
Focus
⚔️ 56.4% · 🌾 43.6%
Archer ×205 · Spearman ×60 · Shotel Warrior ×2 · Trebuchet (Packed) ×2
Feudal
9:26
Castle
31:01
Imperial
44:11
| APM avg | 28.6 |
| APM peak | 53 |
| eAPM avg | 21.9 |
| Villagers / military | 155 / 116 |
Focus
⚔️ 14.3% · 🌾 85.7%
Tarkan ×113 · Spearman ×3
Feudal
8:39
Castle
18:54
Imperial
43:59
| APM avg | 55.1 |
| APM peak | 93 |
| eAPM avg | 27.1 |
| Villagers / military | 221 / 231 |
Focus
⚔️ 29.8% · 🌾 70.2%
Camel Scout ×117 · Knight ×111 · Scout Cavalry ×3
Feudal
8:52
Castle
22:17
Imperial
37:37
| APM avg | 53.4 |
| APM peak | 90 |
| eAPM avg | 34.7 |
| Villagers / military | 246 / 159 |
Focus
⚔️ 36.5% · 🌾 63.5%
Knight ×146 · Kipchak ×12 · Scorpion ×1
Feudal
9:45
Castle
19:03
Imperial
37:32
| APM avg | 73.6 |
| APM peak | 133 |
| eAPM avg | 37.1 |
| Villagers / military | 179 / 189 |
Focus
⚔️ 45.0% · 🌾 55.0%
Knight ×162 · Conquistador ×23 · Trebuchet (Packed) ×4
Feudal
9:59
Castle
22:04
Imperial
40:00
| APM avg | 32.1 |
| APM peak | 98 |
| eAPM avg | 16.1 |
| Villagers / military | 127 / 103 |
Focus
⚔️ 34.0% · 🌾 66.0%
Rattan Archer ×95 · Archer ×8
Match map
Initial resources + every placement click. Lines = walls · curves = elevation contours. ◆ gold · ⬟ stone · ● berries · ✦ relic · ◌ wall gap
Your base· ✓ Closed at 22:32 · 40t walls · no gate
MY's base· Open — opponent sealed themselves in
FMG | Juanmpi's base· ✓ Closed at 18:54 · 30t walls · no gate
做人要诚实,'s base· ✓ Closed at 22:17 · 86t walls · 1 gate(s)
YY语音信箱's base· ✓ Closed at 19:03 · 56t walls · no gate
FMG | Tano Stokes's base· Open — 5t gap
Smoothed initial terrain · ◌ = detected wall gap · hover for details
Inputs per minute
— FMG | GreatMaty - - MY
Build order — FMG | GreatMaty
First 150 of 588 actions detected
| 0:01 | Create | Villager (Male) |
| 0:01 | Create | Villager (Male) |
| 0:02 | Build | House |
| 0:03 | Build | House |
| 0:13 | Create | Villager (Male) |
| 0:13 | Create | Villager (Male) |
| 0:14 | Create | Villager (Male) |
| 1:23 | Create | Villager (Male) |
| 1:23 | Create | Villager (Male) |
| 1:56 | Create | Villager (Male) |
| 1:56 | Create | Villager (Male) |
| 2:11 | Build | Lumber Camp |
| 2:18 | Create | Villager (Male) |
| 2:18 | Create | Villager (Male) |
| 2:33 | Create | Villager (Male) |
| 2:33 | Create | Villager (Male) |
| 2:50 | Create | Villager (Male) |
| 3:16 | Create | Villager (Male) |
| 3:16 | Create | Villager (Male) |
| 3:49 | Build | House |
| 4:02 | Create | Villager (Male) |
| 4:02 | Create | Villager (Male) |
| 4:24 | Create | Villager (Male) |
| 4:48 | Create | Villager (Male) |
| 5:06 | Build | Mining Camp |
| 5:11 | Create | Villager (Male) |
| 5:57 | Research | Loom |
| 6:35 | Research | Feudal Age |
| 6:36 | Research | Feudal Age |
| 7:23 | Build | House |
| 7:45 | Build | Barracks |
| 7:46 | Build | Palisade Wall |
| 8:25 | Create | Villager (Male) |
| 8:51 | Age | Feudal Age |
| 8:56 | Build | Archery Range |
| 8:58 | Build | Archery Range |
| 9:08 | Create | Villager (Male) |
| 9:20 | Build | House |
| 9:21 | Build | Palisade Wall |
| 9:21 | Build | Palisade Wall |
| 9:24 | Build | House |
| 9:29 | Create | Villager (Male) |
| 9:30 | Research | Double-Bit Axe |
| 9:51 | Create | Archer |
| 9:51 | Create | Archer |
| 9:53 | Create | Villager (Male) |
| 10:07 | Create | Archer |
| 10:07 | Create | Archer |
| 10:13 | Create | Villager (Male) |
| 10:17 | Build | Palisade Wall |
| 10:18 | Build | Palisade Wall |
| 10:31 | Create | Archer |
| 10:45 | Build | House |
| 10:52 | Create | Archer |
| 10:54 | Create | Villager (Male) |
| 11:04 | Build | Blacksmith |
| 11:17 | Create | Villager (Male) |
| 11:23 | Create | Archer |
| 11:23 | Create | Archer |
| 11:24 | Create | Archer |
| 11:35 | Create | Archer |
| 11:35 | Create | Archer |
| 11:35 | Create | Archer |
| 12:01 | Build | House |
| 12:01 | Build | Palisade Wall |
| 12:11 | Research | Fletching |
| 12:14 | Build | Mill |
| 12:16 | Create | Archer |
| 12:17 | Create | Archer |
| 12:39 | Build | Palisade Wall |
| 12:44 | Create | Villager (Male) |
| 12:44 | Create | Villager (Male) |
| 12:45 | Create | Archer |
| 12:45 | Create | Archer |
| 13:07 | Create | Archer |
| 13:07 | Create | Archer |
| 13:11 | Build | Farm |
| 13:33 | Create | Archer |
| 13:33 | Create | Archer |
| 13:47 | Create | Villager (Male) |
| 13:47 | Create | Villager (Male) |
| 13:59 | Create | Archer |
| 14:00 | Create | Archer |
| 14:04 | Build | Farm |
| 14:08 | Create | Archer |
| 14:11 | Create | Villager (Male) |
| 14:12 | Create | Villager (Male) |
| 14:12 | Create | Villager (Male) |
| 14:30 | Create | Archer |
| 14:35 | Build | Farm |
| 14:45 | Create | Villager (Male) |
| 14:45 | Create | Villager (Male) |
| 14:49 | Build | House |
| 14:53 | Build | House |
| 15:10 | Create | Villager (Male) |
| 15:10 | Create | Archer |
| 15:11 | Create | Archer |
| 15:22 | Build | Farm |
| 15:23 | Build | Farm |
| 15:42 | Create | Villager (Male) |
| 15:42 | Create | Villager (Male) |
| 15:49 | Create | Archer |
| 15:49 | Create | Archer |
| 15:51 | Build | Farm |
| 16:06 | Create | Villager (Male) |
| 16:09 | Build | Farm |
| 16:21 | Create | Villager (Male) |
| 16:23 | Build | Farm |
| 16:27 | Create | Archer |
| 16:27 | Create | Archer |
| 16:43 | Create | Villager (Male) |
| 16:54 | Create | Villager (Male) |
| 16:59 | Build | House |
| 17:01 | Build | House |
| 17:17 | Build | House |
| 17:18 | Build | House |
| 17:20 | Build | Farm |
| 17:50 | Create | Archer |
| 17:50 | Create | Archer |
| 18:09 | Create | Villager (Male) |
| 18:12 | Build | Market |
| 18:14 | Create | Villager (Male) |
| 18:33 | Create | Archer |
| 18:33 | Create | Archer |
| 18:35 | Build | House |
| 18:36 | Build | House |
| 19:01 | Create | Villager (Male) |
| 19:20 | Create | Villager (Male) |
| 19:21 | Create | Archer |
| 19:21 | Create | Archer |
| 19:52 | Research | Castle Age |
| 19:52 | Research | Castle Age |
| 20:05 | Build | House |
| 20:07 | Build | Outpost |
| 20:07 | Build | Outpost |
| 20:11 | Create | Archer |
| 20:11 | Create | Archer |
| 20:12 | Research | Gold Mining |
| 20:13 | Research | Gold Mining |
| 20:27 | Research | Horse Collar |
| 20:27 | Research | Horse Collar |
| 20:28 | Research | Horse Collar |
| 20:49 | Create | Archer |
| 20:50 | Create | Archer |
| 20:54 | Build | House |
| 21:02 | Research | Padded Archer Armor |
| 21:03 | Research | Padded Archer Armor |
| 21:18 | Build | Lumber Camp |
| 21:34 | Build | House |
| 21:50 | Create | Archer |
Build order — MY
First 150 of 355 actions detected
| 0:03 | Create | Villager (Male) |
| 0:03 | Create | Villager (Male) |
| 0:03 | Create | Villager (Male) |
| 1:01 | Create | Villager (Male) |
| 1:01 | Create | Villager (Male) |
| 1:27 | Create | Villager (Male) |
| 1:52 | Create | Villager (Male) |
| 2:15 | Research | Loom |
| 2:35 | Create | Villager (Male) |
| 3:10 | Create | Villager (Male) |
| 3:10 | Create | Villager (Male) |
| 3:47 | Build | Lumber Camp |
| 3:56 | Create | Villager (Male) |
| 3:57 | Create | Villager (Male) |
| 4:26 | Create | Villager (Male) |
| 4:26 | Create | Villager (Male) |
| 5:24 | Create | Villager (Male) |
| 5:31 | Build | Mill |
| 5:35 | Create | Villager (Male) |
| 6:04 | Create | Villager (Male) |
| 6:21 | Create | Villager (Male) |
| 7:16 | Research | Feudal Age |
| 8:24 | Create | Villager (Male) |
| 8:24 | Create | Villager (Male) |
| 8:47 | Build | Barracks |
| 9:07 | Create | Villager (Male) |
| 9:08 | Create | Villager (Male) |
| 9:26 | Age | Feudal Age |
| 9:38 | Research | Double-Bit Axe |
| 9:38 | Research | Double-Bit Axe |
| 10:06 | Create | Villager (Male) |
| 10:18 | Build | Stone Wall |
| 10:22 | Create | Spearman |
| 10:22 | Create | Spearman |
| 10:47 | Create | Spearman |
| 10:53 | Research | Horse Collar |
| 10:54 | Research | Horse Collar |
| 11:16 | Build | Mining Camp |
| 11:19 | Create | Villager (Male) |
| 11:38 | Build | Watch Tower |
| 11:54 | Create | Villager (Male) |
| 11:55 | Create | Villager (Male) |
| 12:14 | Create | Villager (Male) |
| 12:14 | Create | Villager (Male) |
| 12:28 | Build | Stone Wall |
| 12:34 | Build | Gate |
| 12:42 | Create | Villager (Male) |
| 12:57 | Build | Stone Wall |
| 13:00 | Build | Stone Wall |
| 14:05 | Create | Villager (Male) |
| 14:27 | Research | Town Watch |
| 14:27 | Research | Town Watch |
| 14:38 | Build | Mining Camp |
| 14:51 | Create | Villager (Male) |
| 14:52 | Create | Villager (Male) |
| 15:38 | Build | Gate |
| 15:49 | Build | Farm |
| 15:50 | Build | Farm |
| 15:51 | Build | Farm |
| 15:52 | Build | Farm |
| 15:53 | Build | Farm |
| 15:58 | Create | Villager (Male) |
| 15:58 | Create | Villager (Male) |
| 16:20 | Build | Watch Tower |
| 17:27 | Create | Villager (Male) |
| 18:23 | Build | Watch Tower |
| 18:36 | Build | Lumber Camp |
| 19:06 | Create | Villager (Male) |
| 20:04 | Build | Stone Wall |
| 20:07 | Create | Villager (Male) |
| 20:24 | Build | Watch Tower |
| 20:48 | Build | Farm |
| 20:56 | Build | Market |
| 21:02 | Create | Villager (Male) |
| 21:16 | Build | Farm |
| 21:17 | Build | Farm |
| 21:18 | Build | Farm |
| 21:45 | Create | Villager (Male) |
| 21:45 | Create | Villager (Male) |
| 22:08 | Create | Villager (Male) |
| 22:09 | Create | Villager (Male) |
| 22:18 | Build | Mining Camp |
| 22:23 | Create | Villager (Male) |
| 22:29 | Build | Farm |
| 22:30 | Build | Farm |
| 22:31 | Build | Farm |
| 22:38 | Create | Villager (Male) |
| 22:55 | Create | Villager (Male) |
| 23:11 | Build | Blacksmith |
| 23:22 | Create | Villager (Male) |
| 23:30 | Build | Lumber Camp |
| 23:39 | Build | Farm |
| 23:40 | Build | Farm |
| 24:03 | Research | Wheelbarrow |
| 24:18 | Build | Farm |
| 24:22 | Create | Villager (Male) |
| 25:16 | Research | Stone Mining |
| 25:26 | Create | Villager (Male) |
| 25:30 | Research | Fletching |
| 25:30 | Research | Fletching |
| 26:33 | Create | Villager (Male) |
| 26:34 | Create | Villager (Male) |
| 26:34 | Create | Villager (Male) |
| 27:26 | Create | Villager (Male) |
| 27:27 | Create | Villager (Male) |
| 27:39 | Build | Stone Wall |
| 27:45 | Build | Gate |
| 28:20 | Research | Castle Age |
| 28:45 | Research | Gold Mining |
| 30:17 | Create | Villager (Male) |
| 31:01 | Age | Castle Age |
| 31:03 | Research | Bow Saw |
| 31:09 | Build | Town Center |
| 31:20 | Build | Town Center |
| 31:28 | Create | Villager (Male) |
| 31:28 | Create | Villager (Male) |
| 31:29 | Create | Villager (Male) |
| 31:29 | Create | Villager (Male) |
| 31:38 | Build | Town Center |
| 31:46 | Create | Villager (Male) |
| 31:51 | Research | Heavy Plow |
| 31:51 | Research | Heavy Plow |
| 32:23 | Build | Castle |
| 32:30 | Research | Gold Shaft Mining |
| 32:32 | Create | Villager (Male) |
| 32:32 | Create | Villager (Male) |
| 32:37 | Create | Villager (Male) |
| 32:37 | Create | Villager (Male) |
| 32:38 | Create | Villager (Male) |
| 32:38 | Create | Villager (Male) |
| 32:47 | Create | Villager (Male) |
| 32:47 | Create | Villager (Male) |
| 32:47 | Create | Villager (Male) |
| 32:59 | Create | Villager (Male) |
| 33:00 | Create | Villager (Male) |
| 33:00 | Create | Villager (Male) |
| 33:13 | Create | Villager (Male) |
| 33:25 | Build | Farm |
| 33:25 | Build | Farm |
| 33:25 | Build | Farm |
| 33:26 | Build | Farm |
| 33:26 | Build | Farm |
| 33:26 | Build | Farm |
| 33:27 | Build | Farm |
| 33:27 | Build | Farm |
| 33:27 | Build | Farm |
| 33:48 | Build | Farm |
| 33:48 | Build | Farm |
| 33:48 | Build | Farm |
| 33:49 | Build | Farm |
Build order — FMG | Juanmpi
First 150 of 548 actions detected
| 0:01 | Create | Villager (Male) |
| 0:01 | Create | Villager (Male) |
| 0:02 | Build | House |
| 0:03 | Build | House |
| 0:07 | Create | Villager (Male) |
| 0:10 | Create | Villager (Male) |
| 0:13 | Create | Villager (Male) |
| 1:23 | Create | Villager (Male) |
| 1:52 | Create | Villager (Male) |
| 1:59 | Create | Villager (Male) |
| 2:29 | Build | Lumber Camp |
| 2:35 | Create | Villager (Male) |
| 3:02 | Create | Villager (Male) |
| 3:15 | Build | House |
| 3:20 | Create | Villager (Male) |
| 3:20 | Create | Villager (Male) |
| 3:21 | Create | Villager (Male) |
| 3:45 | Create | Villager (Male) |
| 3:45 | Create | Villager (Male) |
| 4:14 | Create | Villager (Male) |
| 4:15 | Create | Villager (Male) |
| 4:29 | Create | Villager (Male) |
| 4:29 | Create | Villager (Male) |
| 5:46 | Create | Villager (Male) |
| 5:51 | Build | Mill |
| 6:35 | Research | Feudal Age |
| 7:49 | Build | Mill |
| 7:52 | Create | Villager (Male) |
| 8:24 | Build | Barracks |
| 8:39 | Age | Feudal Age |
| 8:42 | Research | Loom |
| 8:49 | Create | Villager (Male) |
| 9:09 | Build | House |
| 9:12 | Research | Town Watch |
| 9:14 | Research | Double-Bit Axe |
| 9:16 | Create | Villager (Male) |
| 9:25 | Create | Villager (Male) |
| 9:45 | Create | Villager (Male) |
| 9:46 | Create | Villager (Male) |
| 9:56 | Build | Stable |
| 10:16 | Create | Villager (Male) |
| 10:23 | Build | House |
| 10:32 | Build | Palisade Wall |
| 10:34 | Build | Palisade Wall |
| 10:35 | Build | Palisade Wall |
| 10:38 | Create | Scout Cavalry |
| 10:38 | Create | Scout Cavalry |
| 10:59 | Create | Scout Cavalry |
| 11:05 | Build | House |
| 11:10 | Create | Villager (Male) |
| 11:41 | Build | Farm |
| 11:42 | Create | Villager (Male) |
| 12:05 | Create | Villager (Male) |
| 12:07 | Build | Farm |
| 12:08 | Create | Villager (Male) |
| 12:19 | Create | Villager (Male) |
| 12:20 | Build | Farm |
| 12:22 | Build | Farm |
| 12:26 | Create | Villager (Male) |
| 12:29 | Build | House |
| 12:34 | Build | Palisade Wall |
| 12:37 | Build | Palisade Wall |
| 12:42 | Create | Villager (Male) |
| 13:05 | Create | Villager (Male) |
| 13:06 | Build | Farm |
| 13:09 | Research | Horse Collar |
| 13:27 | Build | Market |
| 13:30 | Build | Farm |
| 13:30 | Build | Farm |
| 13:31 | Create | Villager (Male) |
| 13:32 | Build | Farm |
| 13:33 | Create | Villager (Male) |
| 14:03 | Create | Villager (Male) |
| 14:03 | Create | Villager (Male) |
| 14:03 | Create | Villager (Male) |
| 14:03 | Create | Villager (Male) |
| 14:14 | Create | Villager (Male) |
| 14:21 | Create | Villager (Male) |
| 14:28 | Create | Villager (Male) |
| 14:43 | Create | Villager (Male) |
| 14:49 | Build | Mining Camp |
| 14:53 | Build | House |
| 15:31 | Build | House |
| 15:31 | Build | Palisade Wall |
| 15:53 | Build | Farm |
| 16:11 | Build | Palisade Wall |
| 16:28 | Research | Castle Age |
| 16:33 | Build | Farm |
| 16:35 | Build | Farm |
| 16:54 | Research | Gold Mining |
| 17:12 | Build | Farm |
| 17:15 | Build | Farm |
| 17:17 | Build | Farm |
| 17:21 | Build | House |
| 17:22 | Build | House |
| 17:24 | Build | Palisade Wall |
| 17:27 | Build | House |
| 18:06 | Research | Bloodlines |
| 18:12 | Build | Stable |
| 18:45 | Build | Blacksmith |
| 18:54 | Age | Castle Age |
| 18:59 | Create | Knight |
| 19:00 | Create | Knight |
| 19:01 | Create | Villager (Male) |
| 19:04 | Create | Villager (Male) |
| 19:16 | Create | Knight |
| 19:41 | Create | Villager (Male) |
| 19:42 | Create | Knight |
| 19:48 | Build | Farm |
| 19:48 | Build | Farm |
| 19:48 | Build | Farm |
| 19:49 | Create | Villager (Male) |
| 19:56 | Create | Knight |
| 20:02 | Build | Farm |
| 20:04 | Create | Villager (Male) |
| 20:18 | Build | Palisade Wall |
| 20:24 | Create | Knight ×2 |
| 20:27 | Create | Villager (Male) |
| 20:41 | Create | Villager (Male) |
| 20:55 | Research | Scale Barding Armor |
| 21:01 | Build | Farm |
| 21:02 | Build | Farm |
| 21:03 | Build | Farm |
| 21:04 | Create | Villager (Male) |
| 21:11 | Create | Villager (Male) |
| 21:16 | Build | Farm |
| 21:20 | Create | Knight |
| 21:37 | Build | Farm |
| 21:46 | Create | Knight |
| 21:48 | Create | Villager (Male) |
| 21:58 | Build | Farm |
| 21:58 | Create | Villager (Male) |
| 22:01 | Create | Villager (Male) |
| 22:14 | Build | Farm |
| 22:27 | Create | Villager (Male) |
| 22:40 | Build | Farm |
| 22:42 | Research | Husbandry |
| 22:47 | Build | Farm |
| 22:47 | Build | Farm |
| 22:47 | Build | Farm |
| 22:48 | Create | Villager (Male) |
| 22:59 | Build | Farm |
| 23:05 | Research | Chain Barding Armor |
| 23:25 | Research | Forging |
| 23:46 | Create | Knight ×2 |
| 23:51 | Create | Villager (Male) |
| 23:54 | Build | Farm |
| 23:55 | Create | Villager (Male) |
| 24:04 | Create | Villager (Male) |
| 24:08 | Build | Town Center |
Build order — 做人要诚实,
First 150 of 663 actions detected
| 0:01 | Create | Villager (Male) |
| 0:01 | Create | Villager (Male) |
| 0:02 | Build | House |
| 0:04 | Build | House |
| 0:18 | Create | Villager (Male) |
| 0:19 | Create | Villager (Male) |
| 1:26 | Create | Villager (Male) |
| 1:26 | Create | Villager (Male) |
| 1:48 | Build | Lumber Camp |
| 1:57 | Create | Villager (Male) |
| 1:57 | Create | Villager (Male) |
| 2:26 | Create | Villager (Male) |
| 2:26 | Create | Villager (Male) |
| 2:53 | Create | Villager (Male) |
| 2:53 | Create | Villager (Male) |
| 3:14 | Create | Villager (Male) |
| 3:14 | Create | Villager (Male) |
| 3:38 | Create | Villager (Male) |
| 3:38 | Create | Villager (Male) |
| 3:57 | Create | Villager (Male) |
| 3:58 | Build | House |
| 4:21 | Create | Villager (Male) |
| 4:21 | Create | Villager (Male) |
| 4:41 | Build | Mill |
| 4:55 | Create | Villager (Male) |
| 5:15 | Create | Villager (Male) |
| 5:41 | Create | Villager (Male) |
| 5:43 | Research | Loom |
| 6:41 | Research | Feudal Age |
| 6:42 | Research | Feudal Age |
| 7:18 | Build | House |
| 7:20 | Build | Palisade Wall |
| 7:21 | Build | Palisade Wall |
| 7:29 | Build | Palisade Wall |
| 7:31 | Build | Palisade Wall |
| 8:28 | Create | Villager (Male) |
| 8:28 | Create | Villager (Male) |
| 8:52 | Age | Feudal Age |
| 8:52 | Build | Palisade Wall |
| 8:54 | Create | Villager (Male) |
| 8:55 | Build | Town Center |
| 9:00 | Create | Villager (Male) |
| 9:03 | Build | Palisade Wall |
| 9:07 | Build | Palisade Wall |
| 9:10 | Create | Villager (Male) |
| 9:34 | Build | Palisade Wall |
| 9:46 | Create | Villager (Male) |
| 9:54 | Build | Palisade Wall |
| 10:03 | Create | Villager (Male) |
| 10:25 | Research | Double-Bit Axe |
| 10:25 | Research | Double-Bit Axe |
| 10:40 | Create | Villager (Male) |
| 10:52 | Create | Villager (Male) |
| 11:04 | Research | Horse Collar |
| 11:05 | Research | Horse Collar |
| 11:23 | Create | Villager (Male) |
| 11:26 | Build | Farm |
| 11:27 | Build | Farm |
| 11:29 | Build | Farm |
| 11:32 | Build | Farm |
| 11:34 | Build | Farm |
| 11:36 | Build | Farm |
| 11:38 | Build | Farm |
| 11:40 | Create | Villager (Male) |
| 11:48 | Build | Farm |
| 11:53 | Create | Villager (Male) |
| 12:01 | Create | Villager (Male) |
| 12:08 | Build | Palisade Gate |
| 12:12 | Create | Villager (Male) |
| 12:15 | Build | Farm |
| 12:17 | Create | Villager (Male) |
| 12:17 | Create | Villager (Male) |
| 12:22 | Build | House |
| 12:27 | Build | House |
| 12:35 | Build | Farm |
| 12:40 | Build | Farm |
| 12:47 | Create | Villager (Male) |
| 12:54 | Build | House |
| 12:59 | Build | House |
| 13:01 | Create | Villager (Male) |
| 13:04 | Build | Farm |
| 13:09 | Build | Farm |
| 13:11 | Create | Villager (Male) |
| 13:16 | Build | Farm |
| 13:23 | Create | Villager (Male) |
| 13:33 | Build | House |
| 13:34 | Build | House |
| 13:35 | Create | Villager (Male) |
| 13:39 | Create | Villager (Male) |
| 13:39 | Create | Villager (Male) |
| 13:50 | Build | Watch Tower |
| 13:59 | Build | House |
| 14:00 | Create | Villager (Male) |
| 14:01 | Create | Villager (Male) |
| 14:03 | Build | Farm |
| 14:08 | Create | Villager (Male) |
| 14:09 | Build | Farm |
| 14:13 | Build | Palisade Wall |
| 14:15 | Create | Villager (Male) |
| 14:25 | Create | Villager (Male) |
| 14:28 | Build | Farm |
| 14:41 | Build | Farm |
| 14:42 | Create | Villager (Male) |
| 14:45 | Create | Villager (Male) |
| 14:46 | Create | Villager (Male) |
| 15:01 | Create | Villager (Male) |
| 15:02 | Create | Villager (Male) |
| 15:02 | Create | Villager (Male) |
| 15:06 | Build | Farm |
| 15:09 | Build | Farm |
| 15:10 | Create | Villager (Male) |
| 15:21 | Build | Lumber Camp |
| 15:24 | Create | Villager (Male) |
| 15:25 | Create | Villager (Male) |
| 15:43 | Build | Farm |
| 15:48 | Build | Palisade Wall |
| 16:00 | Create | Villager (Male) |
| 16:02 | Build | Farm |
| 16:09 | Build | Farm |
| 16:09 | Create | Villager (Male) |
| 16:10 | Create | Villager (Male) |
| 16:10 | Create | Villager (Male) |
| 16:11 | Create | Villager (Male) |
| 16:19 | Build | House |
| 16:38 | Build | Palisade Wall |
| 16:41 | Build | Palisade Wall |
| 16:44 | Build | Palisade Wall |
| 16:52 | Create | Villager (Male) |
| 17:04 | Build | Barracks |
| 17:20 | Build | Palisade Wall |
| 17:31 | Build | House |
| 17:33 | Build | Palisade Wall |
| 17:38 | Build | Palisade Wall |
| 18:05 | Build | Market |
| 18:22 | Build | Palisade Wall |
| 18:23 | Build | Palisade Wall |
| 18:24 | Build | Palisade Wall |
| 18:26 | Build | Palisade Wall |
| 18:30 | Create | Villager (Male) |
| 18:31 | Create | Villager (Male) |
| 18:47 | Build | Blacksmith |
| 18:57 | Create | Villager (Male) |
| 18:57 | Create | Villager (Male) |
| 19:16 | Build | Farm |
| 19:35 | Create | Villager (Male) |
| 19:37 | Research | Castle Age |
| 19:37 | Research | Castle Age |
| 19:57 | Build | Palisade Wall |
| 19:58 | Build | Palisade Wall |
| 20:01 | Build | Palisade Wall |
Build order — YY语音信箱
First 150 of 579 actions detected
| 0:00 | Create | Villager (Male) |
| 0:00 | Create | Villager (Male) |
| 0:01 | Create | Villager (Male) |
| 0:02 | Build | House |
| 0:03 | Build | House |
| 0:08 | Create | Villager (Male) |
| 1:32 | Create | Villager (Male) |
| 1:33 | Create | Villager (Male) |
| 1:57 | Create | Villager (Male) |
| 1:57 | Create | Villager (Male) |
| 2:02 | Build | Lumber Camp |
| 2:15 | Create | Villager (Male) |
| 2:15 | Create | Villager (Male) |
| 2:40 | Create | Villager (Male) |
| 2:40 | Create | Villager (Male) |
| 3:05 | Create | Villager (Male) |
| 3:05 | Create | Villager (Male) |
| 3:25 | Create | Villager (Male) |
| 3:57 | Create | Villager (Male) |
| 4:03 | Build | House |
| 4:05 | Build | House |
| 4:24 | Create | Villager (Male) |
| 4:24 | Create | Villager (Male) |
| 4:35 | Build | Mill |
| 4:55 | Build | House |
| 5:13 | Create | Villager (Male) |
| 5:26 | Build | Palisade Wall |
| 5:28 | Create | Villager (Male) |
| 6:05 | Create | Villager (Male) |
| 6:11 | Build | Palisade Wall |
| 6:15 | Create | Villager (Male) |
| 6:26 | Build | Palisade Wall |
| 6:41 | Create | Villager (Male) |
| 6:47 | Research | Loom |
| 6:51 | Build | Palisade Wall |
| 6:53 | Build | Palisade Wall |
| 7:35 | Research | Feudal Age |
| 7:36 | Research | Feudal Age |
| 7:54 | Build | Palisade Wall |
| 8:13 | Build | Palisade Wall |
| 8:30 | Build | Mining Camp |
| 8:39 | Create | Villager (Male) |
| 9:14 | Create | Villager (Male) |
| 9:19 | Build | Palisade Wall |
| 9:20 | Build | Palisade Wall |
| 9:21 | Build | Palisade Wall |
| 9:29 | Create | Villager (Male) |
| 9:45 | Build | Farm |
| 9:45 | Age | Feudal Age |
| 9:46 | Build | Farm |
| 9:49 | Build | Farm |
| 9:51 | Build | Farm |
| 9:52 | Create | Villager (Male) |
| 9:57 | Build | Palisade Wall |
| 10:09 | Build | Watch Tower |
| 10:11 | Create | Villager (Male) |
| 10:21 | Build | Farm |
| 10:26 | Build | House |
| 10:26 | Build | House |
| 10:38 | Create | Villager (Male) |
| 10:56 | Build | Watch Tower |
| 10:58 | Create | Villager (Male) |
| 11:04 | Build | Farm |
| 11:06 | Build | House |
| 11:07 | Build | House |
| 11:11 | Create | Villager (Male) |
| 11:16 | Build | House |
| 11:18 | Build | Farm |
| 11:38 | Build | Farm |
| 11:45 | Build | House |
| 11:46 | Build | House |
| 11:55 | Create | Villager (Male) |
| 12:08 | Build | House |
| 12:42 | Build | Market |
| 12:43 | Create | Villager (Male) |
| 12:57 | Build | House |
| 12:58 | Build | Stone Wall |
| 13:11 | Build | Watch Tower |
| 13:21 | Build | Mill |
| 13:33 | Create | Villager (Male) |
| 13:44 | Build | Mining Camp |
| 13:58 | Build | House |
| 14:00 | Build | House |
| 14:05 | Create | Villager (Male) |
| 14:48 | Build | Farm |
| 14:51 | Create | Villager (Male) |
| 15:13 | Build | Farm |
| 15:48 | Build | Blacksmith |
| 15:51 | Create | Villager (Male) |
| 16:23 | Research | Castle Age |
| 16:23 | Research | Castle Age |
| 16:44 | Research | Double-Bit Axe |
| 16:44 | Research | Double-Bit Axe |
| 16:45 | Research | Horse Collar |
| 16:45 | Research | Horse Collar |
| 16:54 | Build | House |
| 16:55 | Build | House |
| 16:55 | Build | House |
| 17:13 | Build | House |
| 18:04 | Build | Barracks |
| 18:07 | Create | Villager (Male) |
| 18:43 | Build | Lumber Camp |
| 18:47 | Build | Farm |
| 18:55 | Create | Villager (Male) |
| 19:03 | Age | Castle Age |
| 19:04 | Build | Castle |
| 19:11 | Create | Villager (Male) |
| 19:26 | Create | Villager (Male) |
| 19:35 | Build | Stable |
| 19:45 | Build | Stone Wall |
| 19:51 | Create | Villager (Male) |
| 20:02 | Create | Conquistador |
| 20:02 | Create | Conquistador |
| 20:02 | Create | Conquistador |
| 20:13 | Create | Villager (Male) |
| 20:14 | Build | Farm |
| 20:15 | Build | Farm |
| 20:31 | Research | Husbandry |
| 20:32 | Research | Padded Archer Armor |
| 20:33 | Create | Conquistador |
| 20:35 | Create | Villager (Male) |
| 20:39 | Build | Farm |
| 20:51 | Build | Farm |
| 20:53 | Create | Conquistador |
| 20:55 | Create | Villager (Male) |
| 20:57 | Build | Farm |
| 21:10 | Build | Farm |
| 21:19 | Create | Villager (Male) |
| 21:23 | Create | Conquistador |
| 21:32 | Build | Farm |
| 21:38 | Create | Conquistador |
| 21:49 | Create | Villager (Male) |
| 21:52 | Build | Farm |
| 21:53 | Build | Farm |
| 22:05 | Create | Conquistador |
| 22:09 | Create | Villager (Male) |
| 22:19 | Build | Farm |
| 22:24 | Create | Villager (Male) |
| 22:40 | Create | Conquistador |
| 22:42 | Create | Villager (Male) |
| 22:44 | Build | Lumber Camp |
| 22:58 | Create | Conquistador |
| 23:10 | Create | Conquistador |
| 23:37 | Create | Conquistador |
| 23:50 | Create | Conquistador |
| 23:52 | Create | Villager (Male) |
| 23:56 | Build | Town Center |
| 24:06 | Create | Conquistador |
| 24:10 | Research | Bloodlines |
| 24:42 | Create | Conquistador |
Build order — FMG | Tano Stokes
First 150 of 358 actions detected
| 0:00 | Create | Villager (Male) |
| 0:01 | Create | Villager (Male) |
| 0:02 | Build | House |
| 0:03 | Build | House |
| 0:13 | Create | Villager (Male) |
| 0:14 | Create | Villager (Male) |
| 0:14 | Create | Villager (Male) |
| 1:23 | Create | Villager (Male) |
| 1:23 | Create | Villager (Male) |
| 1:23 | Create | Villager (Male) |
| 1:45 | Research | Loom |
| 1:49 | Create | Villager (Male) |
| 1:49 | Create | Villager (Male) |
| 2:26 | Create | Villager (Male) |
| 2:26 | Create | Villager (Male) |
| 2:52 | Create | Villager (Male) |
| 2:53 | Create | Villager (Male) |
| 2:53 | Create | Villager (Male) |
| 2:53 | Create | Villager (Male) |
| 3:32 | Create | Villager (Male) |
| 3:37 | Build | Lumber Camp |
| 4:03 | Build | House |
| 4:04 | Build | House |
| 4:08 | Research | Loom |
| 4:21 | Build | Mill |
| 4:29 | Create | Villager (Male) |
| 4:30 | Create | Villager (Male) |
| 4:30 | Create | Villager (Male) |
| 4:30 | Create | Villager (Male) |
| 5:03 | Create | Villager (Male) |
| 5:04 | Create | Villager (Male) |
| 5:04 | Create | Villager (Male) |
| 6:35 | Create | Villager (Male) |
| 6:43 | Create | Villager (Male) |
| 7:12 | Build | Mining Camp |
| 7:49 | Research | Feudal Age |
| 9:07 | Build | Barracks |
| 9:25 | Build | Palisade Wall |
| 9:31 | Create | Villager (Male) |
| 9:31 | Create | Villager (Male) |
| 9:59 | Age | Feudal Age |
| 10:10 | Build | Archery Range |
| 10:14 | Build | Archery Range |
| 10:14 | Build | Palisade Wall |
| 10:47 | Create | Villager (Male) |
| 11:05 | Create | Archer |
| 11:05 | Create | Archer |
| 11:05 | Create | Archer |
| 11:08 | Create | Archer |
| 11:08 | Create | Archer |
| 11:14 | Build | House |
| 11:15 | Build | House |
| 11:16 | Build | House |
| 11:20 | Research | Town Watch |
| 11:37 | Create | Villager (Male) |
| 11:58 | Build | Blacksmith |
| 12:00 | Build | House |
| 12:08 | Create | Villager (Male) |
| 12:09 | Build | Farm |
| 12:10 | Build | Farm |
| 12:10 | Build | Farm |
| 12:11 | Build | Farm |
| 12:11 | Build | Farm |
| 12:13 | Create | Villager (Male) |
| 12:34 | Build | Palisade Wall |
| 12:40 | Build | House |
| 12:42 | Build | Palisade Wall |
| 12:45 | Build | House |
| 12:49 | Create | Villager (Male) |
| 12:55 | Build | Mill |
| 12:56 | Create | Villager (Male) |
| 13:03 | Create | Villager (Male) |
| 13:52 | Build | Farm |
| 13:55 | Build | Farm |
| 13:55 | Create | Villager (Male) |
| 13:55 | Create | Villager (Male) |
| 14:27 | Create | Villager (Male) |
| 14:33 | Build | Farm |
| 14:38 | Build | Farm |
| 15:09 | Build | Farm |
| 15:21 | Build | Farm |
| 15:22 | Create | Villager (Male) |
| 15:34 | Build | Farm |
| 15:34 | Build | Farm |
| 15:34 | Build | Farm |
| 15:35 | Build | Farm |
| 15:37 | Create | Villager (Male) |
| 16:09 | Build | Market |
| 16:13 | Build | Farm |
| 16:21 | Create | Villager (Male) |
| 16:22 | Create | Villager (Male) |
| 16:27 | Build | House |
| 16:28 | Build | House |
| 16:28 | Build | House |
| 17:14 | Create | Villager (Male) |
| 17:19 | Build | Farm |
| 17:19 | Build | Farm |
| 17:19 | Build | Farm |
| 17:20 | Build | Farm |
| 17:20 | Build | Farm |
| 17:31 | Build | Farm |
| 18:34 | Create | Villager (Male) |
| 18:38 | Build | Farm |
| 18:38 | Build | Farm |
| 18:41 | Create | Villager (Male) |
| 19:16 | Research | Castle Age |
| 19:18 | Build | House |
| 20:18 | Research | Double-Bit Axe |
| 20:20 | Research | Horse Collar |
| 20:22 | Research | Gold Mining |
| 20:44 | Research | Stone Mining |
| 20:46 | Create | Villager (Male) |
| 20:47 | Create | Villager (Male) |
| 21:49 | Build | House |
| 21:50 | Build | House |
| 22:04 | Age | Castle Age |
| 22:05 | Research | Bow Saw |
| 22:08 | Research | Thumb Ring |
| 22:17 | Build | Mining Camp |
| 22:23 | Create | Villager (Male) |
| 22:31 | Build | Town Center |
| 22:37 | Build | House |
| 22:38 | Build | House |
| 22:39 | Build | House |
| 22:44 | Build | House |
| 22:57 | Research | Fletching |
| 22:57 | Research | Padded Archer Armor |
| 23:11 | Build | House |
| 24:07 | Research | Bodkin Arrow |
| 24:28 | Build | House |
| 24:34 | Create | Villager (Male) |
| 24:34 | Create | Villager (Male) |
| 24:34 | Create | Villager (Male) |
| 24:34 | Create | Villager (Male) |
| 24:54 | Create | Villager (Male) |
| 24:54 | Create | Villager (Male) |
| 24:54 | Create | Villager (Male) |
| 24:55 | Create | Villager (Male) |
| 24:55 | Create | Villager (Male) |
| 24:55 | Create | Villager (Male) |
| 24:55 | Create | Villager (Male) |
| 24:55 | Create | Villager (Male) |
| 24:56 | Create | Villager (Male) |
| 24:56 | Create | Villager (Male) |
| 25:51 | Create | Villager (Male) |
| 25:51 | Create | Villager (Male) |
| 26:36 | Build | University |
| 26:41 | Research | Wheelbarrow |
| 26:55 | Build | Farm |
| 26:55 | Build | Farm |
Match timeline
| 5:26 | YY语音信箱 · wall_segment Palisade Wall x8 |
| 6:11 | YY语音信箱 · wall_segment Palisade Wall x6 |
| 6:26 | YY语音信箱 · wall_segment Palisade Wall x16 |
| 6:51 | YY语音信箱 · wall_segment Palisade Wall x1 |
| 6:53 | YY语音信箱 · wall_segment Palisade Wall x10 |
| 7:20 | 做人要诚实, · wall_segment Palisade Wall x7 |
| 7:21 | 做人要诚实, · wall_segment Palisade Wall x4 |
| 7:29 | 做人要诚实, · wall_segment Palisade Wall x4 |
| 7:31 | 做人要诚实, · wall_segment Palisade Wall x7 |
| 7:45 | FMG | GreatMaty · first_building Barracks |
| 7:46 | FMG | GreatMaty · wall_segment Palisade Wall x1 |
| 7:54 | YY语音信箱 · wall_segment Palisade Wall x3 |
| 8:13 | YY语音信箱 · wall_segment Palisade Wall x7 |
| 8:24 | FMG | Juanmpi · first_building Barracks |
| 8:39 | FMG | Juanmpi · age_up feudal |
| 8:47 | MY · first_building Barracks |
| 8:51 | FMG | GreatMaty · age_up feudal |
| 8:52 | 做人要诚实, · age_up feudal |
| 8:52 | 做人要诚实, · wall_segment Palisade Wall x9 |
| 8:56 | FMG | GreatMaty · first_building Archery Range |
| 9:03 | 做人要诚实, · wall_segment Palisade Wall x6 |
| 9:07 | 做人要诚实, · wall_segment Palisade Wall x3 |
| 9:07 | FMG | Tano Stokes · first_building Barracks |
| 9:19 | YY语音信箱 · wall_segment Palisade Wall x1 |
| 9:20 | YY语音信箱 · wall_segment Palisade Wall x1 |
| 9:21 | FMG | GreatMaty · wall_segment Palisade Wall x1 |
| 9:21 | YY语音信箱 · wall_segment Palisade Wall x1 |
| 9:21 | FMG | GreatMaty · wall_segment Palisade Wall x1 |
| 9:25 | FMG | Tano Stokes · wall_segment Palisade Wall x1 |
| 9:26 | MY · age_up feudal |
| 9:34 | 做人要诚实, · wall_segment Palisade Wall x7 |
| 9:45 | YY语音信箱 · age_up feudal |
| 9:54 | 做人要诚实, · wall_segment Palisade Wall x1 |
| 9:56 | FMG | Juanmpi · first_building Stable |
| 9:57 | YY语音信箱 · wall_segment Palisade Wall x1 |
| 9:59 | FMG | Tano Stokes · age_up feudal |
| 10:10 | FMG | Tano Stokes · first_building Archery Range |
| 10:14 | FMG | Tano Stokes · wall_segment Palisade Wall x1 |
| 10:17 | FMG | GreatMaty · wall_segment Palisade Wall x6 |
| 10:18 | MY · wall_segment Stone Wall x6 |
| 10:18 | FMG | GreatMaty · wall_segment Palisade Wall x5 |
| 10:32 | FMG | Juanmpi · wall_segment Palisade Wall x1 |
| 10:34 | FMG | Juanmpi · wall_segment Palisade Wall x1 |
| 10:35 | FMG | Juanmpi · wall_segment Palisade Wall x1 |
| 12:01 | FMG | GreatMaty · wall_segment Palisade Wall x9 |
| 12:28 | MY · wall_segment Stone Wall x8 |
| 12:34 | FMG | Tano Stokes · wall_segment Palisade Wall x6 |
| 12:34 | FMG | Juanmpi · wall_segment Palisade Wall x2 |
| 12:37 | FMG | Juanmpi · wall_segment Palisade Wall x10 |
| 12:39 | FMG | GreatMaty · wall_segment Palisade Wall x17 |
| 12:42 | FMG | Tano Stokes · wall_segment Palisade Wall x1 |
| 12:57 | MY · wall_segment Stone Wall x14 |
| 12:58 | YY语音信箱 · wall_segment Stone Wall x1 |
| 13:00 | MY · wall_segment Stone Wall x6 |
| 14:13 | 做人要诚实, · wall_segment Palisade Wall x4 |
| 14:51 | FMG | Juanmpi · first_market_sell 100 stone |
| 15:26 | YY语音信箱 · first_market_sell 100 wood |
| 15:31 | FMG | Juanmpi · wall_segment Palisade Wall x1 |
| 15:41 | YY语音信箱 · first_market_buy 100 wood |
| 15:48 | 做人要诚实, · wall_segment Palisade Wall x1 |
| 16:01 | FMG | Juanmpi · first_market_buy 100 food |
| 16:11 | FMG | Juanmpi · wall_segment Palisade Wall x9 |
| 16:38 | 做人要诚实, · wall_segment Palisade Wall x9 |
| 16:41 | 做人要诚实, · wall_segment Palisade Wall x2 |
| 16:44 | 做人要诚实, · wall_segment Palisade Wall x3 |
| 17:04 | 做人要诚实, · first_building Barracks |
| 17:20 | 做人要诚实, · wall_segment Palisade Wall x1 |
| 17:24 | FMG | Juanmpi · wall_segment Palisade Wall x5 |
| 17:33 | 做人要诚实, · wall_segment Palisade Wall x1 |
| 17:38 | 做人要诚实, · wall_segment Palisade Wall x1 |
| 18:04 | YY语音信箱 · first_building Barracks |
| 18:22 | 做人要诚实, · wall_segment Palisade Wall x5 |
| 18:23 | 做人要诚实, · wall_segment Palisade Wall x2 |
| 18:24 | 做人要诚实, · wall_segment Palisade Wall x1 |
| 18:26 | 做人要诚实, · wall_segment Palisade Wall x1 |
| 18:54 | FMG | Juanmpi · age_up castle |
| 19:03 | YY语音信箱 · age_up castle |
| 19:04 | YY语音信箱 · first_building Castle |
| 19:33 | FMG | GreatMaty · first_market_buy 100 food |
| 19:35 | FMG | GreatMaty · first_market_sell 500 wood |
| 19:35 | YY语音信箱 · first_building Stable |
| 19:45 | YY语音信箱 · wall_segment Stone Wall x1 |
| 19:57 | 做人要诚实, · wall_segment Palisade Wall x1 |
| 19:58 | 做人要诚实, · wall_segment Palisade Wall x1 |
| 20:01 | 做人要诚实, · wall_segment Palisade Wall x1 |
| 20:02 | 做人要诚实, · wall_segment Palisade Wall x1 |
| 20:03 | 做人要诚实, · wall_segment Palisade Wall x1 |
| 20:04 | MY · wall_segment Stone Wall x1 |
| 20:18 | FMG | Juanmpi · wall_segment Palisade Wall x1 |
| 21:30 | 做人要诚实, · wall_segment Palisade Wall x1 |
| 21:31 | 做人要诚实, · wall_segment Palisade Wall x1 |
| 21:36 | 做人要诚实, · wall_segment Palisade Wall x1 |
| 21:37 | 做人要诚实, · wall_segment Palisade Wall x1 |
| 21:42 | MY · tribute_sent a jugador 2 |
| 21:42 | MY · tribute_sent a jugador 3 |
| 21:42 | MY · tribute_sent a jugador 4 |
| 21:42 | MY · tribute_sent a jugador 5 |
| 21:42 | MY · tribute_sent a jugador 6 |
| 21:54 | 做人要诚实, · first_building Stable |
| 22:04 | FMG | Tano Stokes · age_up castle |
| 22:17 | 做人要诚实, · age_up castle |
| 22:32 | FMG | GreatMaty · age_up castle |
| 23:38 | 做人要诚实, · wall_segment Palisade Wall x1 |
| 23:39 | 做人要诚实, · wall_segment Palisade Wall x1 |
| 23:46 | 做人要诚实, · wall_segment Palisade Wall x2 |
| 24:53 | FMG | Tano Stokes · first_market_buy 100 food |
| 25:16 | FMG | Juanmpi · wall_segment Palisade Wall x1 |
| 25:23 | FMG | Juanmpi · wall_segment Palisade Wall x1 |
| 27:39 | MY · wall_segment Stone Wall x4 |
| 28:00 | FMG | Tano Stokes · first_building Monastery |
| 28:12 | FMG | Juanmpi · first_building Monastery |
| 28:43 | 做人要诚实, · first_building Siege Workshop |
| 29:33 | FMG | Tano Stokes · first_building Castle |
| 31:01 | MY · age_up castle |
| 32:10 | 做人要诚实, · first_building Monastery |
| 32:23 | MY · first_building Castle |
| 32:26 | FMG | Tano Stokes · wall_segment Palisade Wall x1 |
| 33:05 | YY语音信箱 · first_building Monastery |
| 34:00 | FMG | GreatMaty · first_building Monastery |
| 34:30 | FMG | Tano Stokes · wall_segment Palisade Wall x1 |
| 36:19 | MY · first_market_sell 100 wood |
| 36:27 | FMG | Tano Stokes · first_market_sell 100 wood |
| 37:32 | YY语音信箱 · age_up imperial |
| 37:37 | 做人要诚实, · age_up imperial |
| 37:55 | FMG | GreatMaty · age_up imperial |
| 38:14 | FMG | Juanmpi · wall_segment Palisade Wall x1 |
| 39:13 | FMG | Juanmpi · first_building Castle |
| 39:38 | FMG | GreatMaty · first_building Castle |
| 39:49 | FMG | Tano Stokes · first_building Siege Workshop |
| 40:00 | FMG | Tano Stokes · age_up imperial |
| 41:47 | MY · first_building Stable |
| 42:34 | FMG | Juanmpi · wall_segment Palisade Wall x1 |
| 43:33 | 做人要诚实, · first_market_sell 100 wood |
| 43:39 | FMG | Tano Stokes · wall_segment Stone Wall x8 |
| 43:59 | FMG | Juanmpi · age_up imperial |
| 44:07 | 做人要诚实, · first_building Castle |
| 44:11 | MY · age_up imperial |
| 45:29 | FMG | Juanmpi · wall_segment Palisade Wall x1 |
| 45:40 | FMG | Juanmpi · wall_segment Palisade Wall x1 |
| 45:42 | FMG | Juanmpi · wall_segment Palisade Wall x1 |
| 46:12 | YY语音信箱 · tribute_sent a jugador 1 |
| 46:12 | YY语音信箱 · tribute_sent a jugador 2 |
| 46:12 | YY语音信箱 · tribute_sent a jugador 3 |
| 46:12 | YY语音信箱 · tribute_sent a jugador 4 |
| 46:12 | YY语音信箱 · tribute_sent a jugador 6 |
| 46:28 | FMG | Juanmpi · wall_segment Palisade Wall x1 |
| 46:31 | 做人要诚实, · first_market_buy 100 stone |
| 48:34 | FMG | GreatMaty · resign |
[ AI ANALYSIS · 1 CREDIT ]
What really happened in this match?
Wolo.gg analyzes every decision: build order, eco, micro, common mistakes by bracket. Personalized analysis on WhatsApp or Discord in 30 seconds.
Civ guide
Ethiopians
Perfil
Jugador #9082593